 Dungeon Crawl Stone Soup version 0.31.0-32-g396128a36d (webtiles) character file.

Game seed: 9523332764004151022

27 Alphaeus the Ruffian (level 3, -1/34 HPs)
             Began as an Octopode Shapeshifter on Mar 19, 2024.
             Slain by a ribbon worm (6 damage)
             ... on level 2 of the Dungeon.
             The game lasted 00:00:50 (913 turns).

Alphaeus the Ruffian (Octopode Shapeshifter)         Turns: 913, Time: 00:00:50

Health: -1/34      AC: 21    Str: 15    XL:     3   Next: 10%
Magic:  3/3        EV:  2    Int: 12    God:
Gold:   65         SH:  0    Dex: 11    Spells: 2/2 levels left

rFire   . .          .
                       - Unarmed
rCold   . . .        (no shield)
rNeg    . . .        (helmet currently unavailable)
rPois   +            (no amulet)
rElec   .            (no ring)
rCorr   .            (no ring)
SInv    .            (no ring)
Will    .....        (no ring)
Stlth   +            (no ring)
HPRegen 0.25/turn    (no ring)
MPRegen 0.08/turn    (no ring)
                     (no ring)

%: no passive effects
@: tree-form
A: stationary, stasis, torment immunity, boosted hp, almost no armour,
(amphibious), 8 rings, (camouflage 1), (gelatinous body 1), (nimble swimmer 1),
(tentacles)
a: no special abilities


You were on level 2 of the Dungeon.
You were a tree.
You visited 1 branch of the dungeon, and saw 2 of its levels.

You collected 65 gold pieces.

Inventory:

Talismans
 b - a beast talisman
 c - a flux talisman
Scrolls
 d - 2 scrolls of identify {unknown}
Potions
 a - a potion of lignification
 e - a potion of cancellation {unknown}


   Skills:
 + Level 1.3 Fighting
 + Level 2.2 Dodging
 * Level 3.4 Unarmed Combat
 * Level 3.3 Shapeshifting


You had 2 spell levels left.
You didn't know any spells.
Your spell library contained the following spells:

 Spells                   Type           Power      Damage    Failure   Level
 Shock                    Conj/Air       0%         1d3       32%         1
 Swiftness                Air            0%         N/A       69%         3
 Airstrike                Air            0%         2d(0-16)  97%         4


Dungeon Overview and Level Annotations

Branches:
Dungeon (2/15)

Altars:

Shops:
D:1 =   D:2 [


Innate Abilities, Weirdness & Mutations

You are a tree.
Your roots penetrate the ground, keeping you stationary.
You cannot be teleported.
You are immune to unholy pain and torment.
Your maximum health is greatly increased.
You cannot wear most types of armour.
((You are amphibious.))
You can wear up to eight rings at the same time.
((Your skin changes colour to match your surroundings (Stealth+).))
((Your rubbery body absorbs attacks. (AC +1, EV +1)))
((You are camouflaged when in or above water. (Stealth+)))
((You have tentacles for arms and can constrict up to eight enemies at once.))


Message History

The web tears apart.
The kobold barely misses you. The ribbon worm bites you.
* * * LOW HITPOINT WARNING * * *
Your transformation has ended.
You turn into a tree.
Your roots penetrate the ground.
The kobold hits you but does no damage.
The ribbon worm bites you but does no damage.
You smack the ribbon worm!
The ribbon worm is severely wounded.
The kobold hits you but does no damage.
The ribbon worm bites you but does no damage.
You hit the kobold.
The kobold is moderately wounded.
The kobold hits you but does no damage.
The ribbon worm bites you but does no damage.
You hit the ribbon worm but do no damage.
The ribbon worm is heavily wounded.
The kobold hits you but does no damage.
You barely miss the ribbon worm.
The ribbon worm is heavily wounded.
The kobold hits you but does no damage.
The ribbon worm expels a string of sticky webbing.
The stream of webbing hits you but does no damage.
You are caught in a web!
The web tears apart.
The kobold hits you but does no damage.
The ribbon worm bites you but does no damage.
You barely miss the ribbon worm.
The ribbon worm is heavily wounded.
The kobold hits you but does no damage.
The ribbon worm bites you but does no damage.
You hit the ribbon worm.
The ribbon worm is heavily wounded.
The kobold hits you but does no damage.
You hit the ribbon worm.
The ribbon worm is almost dead.
The ribbon worm bites you but does no damage.
The kobold hits you but does no damage.
You hit the ribbon worm.
The ribbon worm is almost dead.
The kobold hits you but does no damage. The ribbon worm bites you.
You die...

............#.
.............
#..........# ..
##..........# ...
............#..#
.#..........#.##
...............#
#......♣K....#
.##.....!.w.##...
#..#)........#
........∩....#
....>........#
.............#####
..................
.........†........
..................


You could see a ribbon worm (catching breath) and a kobold.

Vanquished Creatures
  An adder (D:2)
  A dart slug (D:1)
  2 endoplasms
  A giant cockroach (D:1)
  A goblin (D:1)
  A hobgoblin (D:1)
  3 kobolds
  A quokka (D:1)
  2 ball pythons (D:1)
  A bat (D:1)
  A frilled lizard (D:1)
  A rat (D:1)
16 creatures vanquished.

Notes
Turn   | Place    | Note
-------+----------+-------------------------------------------
     0 | D:1      | Alphaeus the Octopode Shapeshifter began the quest for the
                  | Orb.
     0 | D:1      | Reached XP level 1. HP: 13/13 MP: 1/1
    87 | D:1      | Found Owoxar's Jewellery Emporium.
   226 | D:1      | Reached XP level 2. HP: 13/18 MP: 2/2
   882 | D:2      | Found Otayxtat's Armour Emporium.
   885 | D:2      | Reached XP level 3. HP: 23/23 MP: 3/3
   913 | D:2      | Slain by a ribbon worm

Illustrated notes

Levels and vault maps discovered:
D:1:      lightli_molten_gateway, layout_basic, serial_shops,
          nicolae_shop_tiny_glass, serial_park_tiny_pond
D:2:      layout_rooms, serial_shops, shop, nicolae_shop_pleasant_corner_grove,
          nicolae_shop_rolled_up

Action                     || total
---------------------------++-------
  Melee: Unarmed           ||    34
         Constrict         ||     9
         Tentacles         ||     5
    Use: Potion            ||     1
   Stab: Sleeping          ||     5
 Armour: Skin              ||    30
  Dodge: Dodged            ||    17
